 Seeded DCSS version 0.30-a0-364-gf6b3ef1 (webtiles) character file.

Game seed: 6619344570588201013 (custom seed)

3786 Illumine the Ducker (level 9, -3/42 HPs)
             Began as a Felid Cinder Acolyte on Nov 14, 2022.
             Was a High Priest of Ignis.
             Slain by a minotaur
             ... wielding the +10 falchion of Conscience {freeze, rN+}
              (11 damage)
             ... in a Gauntlet.
             The game lasted 00:30:07 (13103 turns).

Illumine the Ducker (Felid Cinder Acolyte)         Turns: 13103, Time: 00:30:08

Health: -3/42      AC:  2    Str: 10    XL:     9   Next: 95%
Magic:  12/19      EV: 20    Int: 19    God:    Ignis [*****.]
Gold:   459        SH:  0    Dex: 13    Spells: 9/20 levels left
                                        Lives:  0   Deaths: 3

rFire   + . .      SeeInvis +      - Unarmed
rCold   . . .      Faith    .    (shield unavailable)
rNeg    . . .      Spirit   .    (body armour unavailable)
rPois   +          Reflect  .    (helmet unavailable)
rElec   .          Harm     .    (cloak unavailable)
rCorr   .          Rampage  .    (gloves unavailable)
Will    +....      NoTele   +    (boots unavailable)
Stlth   +.........               (no amulet)
HPRegen 0.27/turn                A - ring of wizardry
MPRegen 0.16/turn                b - ring of poison resistance

@: invisible, quick
A: very small, claws 1, fangs 3, see invisible, speed 1, shaggy fur 2, stealthy
paws, no weapons or thrown items, no armour, multi-lived
a: Renounce Religion, Fiery Armour, Foxfire Swarm


You were in a Gauntlet.
You worshipped Ignis.
Ignis was extremely pleased with you.
You visited 2 branches of the dungeon, and saw 11 of its levels.
You also visited: Gauntlet.

You collected 569 gold pieces.
You spent 110 gold pieces at shops.

Inventory:

Jewellery
 b - a ring of poison resistance (right paw)
 j - a ring of flight
 m - the ring "Beel Jey" {Fire Fly Will- Dex+4 Stlth+}
   (You found it in a Gauntlet)

   [ring of fire]

   It enhances your fire magic.
   Dex:       It affects your dexterity (+4).
   rF:        It protects you from fire.
   rC:        It makes you vulnerable to cold.
   Fly:       It grants you flight.
   Will:      It decreases your willpower.
   Stlth:     It makes you more stealthy.
 p - a +6 ring of strength
 x - a ring of protection from cold
 A - a ring of wizardry (left paw)
 D - a ring of magical power
Wands
 l - a wand of flame (16)
 u - a wand of roots (2)
 C - a wand of charming (3)
Scrolls
 d - 2 scrolls of immolation
 f - 2 scrolls of amnesia
 h - a scroll of silence
 i - 2 scrolls of fear
 o - 3 scrolls of teleportation
 y - a scroll of torment {unknown}
 B - a scroll of acquirement {unknown}
Potions
 c - 3 potions of mutation
 g - a potion of cancellation
 k - 2 potions of might
 n - 2 potions of curing
 r - a potion of flight
 s - a potion of ambrosia
 z - a potion of attraction {unknown}
 E - a potion of brilliance {unknown}
Miscellaneous
 q - a piece from Xom's chessboard (15/15)


   Skills:
 - Level 6.7 Fighting
 - Level 7.7 Dodging
 - Level 6.0 Unarmed Combat
 - Level 6.0 Spellcasting
 + Level 6.5 Summonings
 - Level 4.0 Necromancy
 - Level 6.0 Fire Magic
 + Level 5.9 Air Magic
 - Level 4.0 Earth Magic


You had 9 spell levels left.
You knew the following spells:

 Your Spells              Type           Power      Damage    Failure   Level
a - Scorch                Fire           56%        2d7       1%          2
b - Borgnjor's Vile Clut  Necr/Erth      10%        N/A       24%         5
c - Summon Lightning Spi  Summ/Air       29%        N/A       3%          4

Your spell library contained the following spells:

 Spells                   Type           Power      Damage    Failure   Level
 Cigotuvi's Dreadful Rot  Necr/Pois/Air  36%        N/A       1%          2
 Magic Dart               Conj           20%        1d4       4%          1
 Airstrike                Air            14%        2d(2-18)  4%          4
 Searing Ray              Conj           10%        2d4       7%          2
 Dispel Undead            Necr           21%        3d11      9%          4
 Lightning Bolt           Conj/Air       8%         1d20      34%         5
 Fulminant Prism          Conj/Hex       2%         3d5       38%         4
 Alistair's Intoxication  Tmut/Pois      3%         N/A       73%         5
 Death Channel            Necr           10%        N/A       75%         6
 Eringya's Noxious Bog    Tmut/Pois      2%         N/A       99%         6


Dungeon Overview and Level Annotations

Branches:
Dungeon (10/15)            Temple (0/1) D:7            Lair (1/5) D:9
    Orc (0/2) D:10        Gauntlet (1/1)

Altars:
Ashenzari
Nemelex Xobeh
Wu Jian
Yredelemnul
Zin

Shops:
D:5 *(*   D:8 ((![   D:9 *

Annotations:
D:9 4 runed translucent doors
D:10 Grum, Urug Gauntlet 8 transporters


Innate Abilities, Weirdness & Mutations

You have sharp claws.
You have razor-sharp teeth.
You have supernaturally acute eyesight. (SInv)
You cover ground quickly. (Speed+)
You are covered in thick fur. (AC +2)
Your paws help you pounce on unaware monsters.
You are incapable of wielding weapons or throwing items.
You cannot wear armour.
You gain extra lives every three experience levels.


Message History

t - Meow!
Orders for allies: a - Attack new target. p - Attack previous target. r - Retreat! s - Stop attacking. g - Guard the area. f - Follow me.
Anything else - Cancel.
Gang up on whom?
Press: ? - help, Dir - move target, f/p - minotaur
Aim: a minotaur, wielding the +10 falchion of Conscience {freeze, rN+}, wearing a +4 ring mail of fire resistance, wearing a +6 ring of strength and quivering javelins (lightly wounded, unable to see you, constricted by roots, ally target) Attack!
The grasping roots constrict the minotaur.
The roots release their grip on the minotaur.
Aiming: Fastroot
Press: ? - help, Shift-Dir - straight line, f/p - minotaur
Aim: a minotaur, wielding the +10 falchion of Conscience {freeze, rN+}, wearing a +4 ring mail of fire resistance, wearing a +6 ring of strength and quivering javelins (lightly wounded, unable to see you, ally target)
The roots erupt in riotous growth!
Roots grab the minotaur.
The grasping roots constrict the minotaur.
The minotaur struggles to escape constriction.
Casting: Summon Lightning Spire (dangerous; 3% risk of failure)
Confirm with . or Enter, or press ? or * to list all spells.
Flames lash the minotaur but do no damage.
The grasping roots constrict the minotaur!
The minotaur struggles to escape constriction.
Unknown command.
Unknown command.
Casting: Scorch (safe; 1% risk of failure)
Confirm with . or Enter, or press ? or * to list all spells.
Flames lash the minotaur but do no damage.
The grasping roots constrict the minotaur, but do no damage.
The roots release their grip on the minotaur.
Unknown command.
Unknown command.
You scratch the minotaur but do no damage.
You bite the minotaur, but do no damage.
The minotaur is lightly wounded.
The minotaur hits you with the +10 falchion of Conscience {freeze, rN+}!!
Ouch! That really hurt!
* * * LOW HITPOINT WARNING * * *
The minotaur freezes you!
You die...

###+## ###..⌠.# ('⌠...# #...⌠+
#.∩..# #.# #######H#######
#.....@.8.....# #.###.###.###.#
#.............# ###.###.###.###
##.###.###.### #.............#
##...©.©.©...##
#############..8.8.8..###########
#≈#≈#≈#≈#≈####.......####≈#§#≈#≈#


You could see a minotaur (unable to see you, ally target) and a friendly
lightning spire (summoned).

Vanquished Creatures
  2 two-headed ogres
  A black mamba (Lair:1)
  A cane toad (Lair:1)
  A komodo dragon (Lair:1)
  Grinder (D:5)
  2 blink frogs (Lair:1)
  Sigmund (D:3)
  A wyvern (D:8)
  A shadow (D:10)
  A fire elemental (Gauntlet)
  5 yaks
  3 steam dragons
  A hell hound (Gauntlet)
  Duvessa (D:5)
  2 water moccasins
  4 sky beasts
  3 ogres
  2 wolves (D:10)
  3 centaurs
  A phantom (D:4)
  3 kobold brigands
  2 necrophages
  2 scorpions (D:4)
  4 bullfrogs
  A gnoll sergeant (D:5)
  Dowan (D:5)
  4 howler monkeys
  7 hounds
  2 jellies
  A gnoll bouda (D:8)
  5 orc priests
  Crazy Yiuf (D:2)
  2 iguanas
  12 orc wizards
  An ogre zombie (D:10)
  Robin (D:2)
  10 adders
  18 gnolls
  A white imp (D:5)
  2 ufetubi (D:6)
  4 worms
  4 dart slugs
  43 orcs
  7 ball pythons
  3 endoplasms
  3 giant cockroaches
  8 goblins
  12 hobgoblins
  2 jackals (D:4)
  15 kobolds
  A quokka (D:3)
  2 bats
  3 frilled lizards
  2 orc zombies (D:10)
  5 rats
231 creatures vanquished.

Vanquished Creatures (collateral kills)
  2 blink frogs (Lair:1)
  A hell hound (Gauntlet)
  A phantom (D:10)
  An ogre zombie (D:10)
  4 orc zombies (D:10)
9 creatures vanquished.

Vanquished Creatures (others)
  A kobold (D:9)
  A fungus (Lair:1)
  A plant (Lair:1)
3 creatures vanquished.

Grand Total: 243 creatures vanquished

Notes
Turn   | Place    | Note
-------+----------+-------------------------------------------
     0 | D:1      | Illumine the Felid Cinder Acolyte began the quest for the
                  | Orb.
     0 | D:1      | Reached XP level 1. HP: 10/10 MP: 3/3
   169 | D:1      | Found a faded altar of an unknown god.
   172 | D:1      | Reached XP level 2. HP: 14/14 MP: 5/5
   175 | D:1      | Learned a level 2 spell: Scorch
  1377 | D:2      | Reached XP level 3. HP: 17/17 MP: 1/7
  1431 | D:2      | Noticed Robin
  1444 | D:2      | Killed Robin
  1868 | D:2      | Found a runed translucent door.
  1869 | D:2      | Noticed Crazy Yiuf
  2022 | D:2      | Reached XP level 4. HP: 21/21 MP: 5/8
  2858 | D:3      | Reached skill level 1 in Dodging
  2946 | D:3      | Found a sparkling altar of Nemelex Xobeh.
  3244 | D:3      | Reached XP level 5. HP: 23/24 MP: 2/10
  3443 | D:3      | Noticed Sigmund
  3467 | D:3      | Found a broken altar of Ashenzari.
  3513 | D:3      | You are sucked into a shaft and drop 1 floor!
  3513 | D:4      | You are sucked into a shaft and drop 3 floors!
  3519 | D:7      | Noticed a steam dragon
  3544 | D:7      | Noticed a sky beast
  3551 | D:7      | Killed a sky beast
  3552 | D:7      | Reached skill level 2 in Dodging
  3560 | D:7      | Noticed a sky beast
  3568 | D:7      | Killed a sky beast
  3569 | D:7      | Gained mutation: You are covered in thick fur. (AC +2)
                  | [Felid growth]
  3569 | D:7      | Reached XP level 6. HP: 28/28 MP: 1/11
  3614 | D:6      | Reached skill level 3 in Dodging
  3650 | D:6      | Reached XP level 7. HP: 27/32 MP: 1/13
  3674 | D:5      | Entered Level 5 of the Dungeon
  3674 | D:5      | Noticed a two-headed ogre
  3896 | D:6      | Reached skill level 4 in Dodging
  4074 | D:5      | Learned a level 5 spell: Borgnjor's Vile Clutch
  4123 | D:5      | Killed a two-headed ogre
  4124 | D:5      | Reached skill level 5 in Fighting
  4124 | D:5      | Reached skill level 5 in Dodging
  4124 | D:5      | Reached skill level 5 in Unarmed Combat
  4124 | D:5      | Reached skill level 1 in Necromancy
  4124 | D:5      | Reached skill level 5 in Fire Magic
  4124 | D:5      | Reached skill level 1 in Earth Magic
  4124 | D:5      | Reached XP level 8. HP: 10/37 MP: 2/15
  4280 | D:5      | Found Ufeblom's General Store.
  4280 | D:5      | Found Ocay's Weapon Shoppe.
  4281 | D:5      | Found Xutsaxeo's General Store.
  4296 | D:5      | Bought 2 scrolls of fear for 80 gold pieces
  4296 | D:5      | Bought a scroll of teleportation for 30 gold pieces
  4358 | D:3      | Killed Sigmund
  4993 | D:4      | Noticed a two-headed ogre
  5039 | D:4      | Annihilated by a two-headed ogre
  5040 | D:4      | Reached XP level 7. HP: -22/33 MP: 8/15
  5133 | D:4      | Reached skill level 5 in Spellcasting
  5139 | D:4      | Reached XP level 8. HP: 36/37 MP: 6/16
  5643 | D:5      | Reached skill level 6 in Dodging
  5999 | D:5      | Noticed Dowan
  6000 | D:5      | Noticed Duvessa
  6528 | D:4      | Killed a two-headed ogre
  6529 | D:4      | Reached XP level 9. HP: 41/41 MP: 6/18
  6655 | D:5      | Identified the +2 leather armour of Plasticity {Harm rC+
                  | Str+4}
  7967 | D:7      | Reached skill level 7 in Dodging
  8346 | D:7      | Learned a level 4 spell: Summon Lightning Spire
  8452 | D:7      | Found a staircase to the Ecumenical Temple.
  8943 | D:2      | Killed Crazy Yiuf
  9103 | D:5      | Noticed Grinder
  9119 | D:5      | Killed Grinder
  9241 | D:5      | Killed Duvessa
  9242 | D:5      | Reached skill level 1 in Summonings
  9242 | D:5      | Reached skill level 1 in Air Magic
  9243 | D:5      | Killed Dowan
  9509 | D:8      | Found Anucan's Antique Weapon Emporium.
  9877 | D:8      | Found a basalt altar of Yredelemnul.
  9953 | D:8      | Found Harhoomm's Distillery.
 10077 | D:8      | Reached XP level 10. HP: 40/46 MP: 14/20
 10138 | D:8      | Found Dappol's Antique Armour Boutique.
 10461 | D:8      | Found an ornate altar of the Wu Jian Council.
 10511 | D:8      | Found Gaotum's Antique Weapon Emporium.
 11120 | D:9      | Found Zin's Purification Station.
 11123 | D:9      | Found a glowing silver altar of Zin.
 11173 | D:9      | Slain by a yak
 11174 | D:9      | Reached XP level 9. HP: -4/42 MP: 5/19
 11250 | D:9      | Found a staircase to the Lair.
 11563 | D:9      | Noticed a polar bear
 11563 | D:9      | Noticed a polar bear
 11564 | D:9      | Found a huge runed translucent gate.
 11564 | D:9      | Found a huge runed translucent gate.
 11565 | D:9      | Noticed a death yak
 11570 | D:9      | Found a huge runed translucent gate.
 11572 | D:9      | Found a huge runed translucent gate.
 11791 | D:10     | Entered Level 10 of the Dungeon
 12008 | D:10     | Found a staircase to the Orcish Mines.
 12011 | D:10     | Noticed Grum
 12020 | D:10     | Noticed Urug
 12145 | Lair:1   | Entered Level 1 of the Lair of Beasts
 12147 | Lair:1   | Noticed a death yak
 12147 | Lair:1   | Noticed a death yak
 12147 | Lair:1   | Noticed a death yak
 12147 | Lair:1   | Noticed a death yak
 12160 | D:9      | HP: 2/42 [yak (7)]
 12166 | D:9      | Reached skill level 5 in Summonings
 12416 | Lair:1   | Noticed a cane toad
 12417 | Lair:1   | Mangled by a death yak
 12418 | Lair:1   | Reached XP level 8. HP: -8/39 MP: 27/27
 12419 | Lair:1   | Noticed a black mamba
 12425 | Lair:1   | Killed a black mamba
 12426 | Lair:1   | Reached XP level 9. HP: 23/42 MP: 19/19
 12468 | Lair:1   | Noticed a komodo dragon
 12476 | Lair:1   | Killed a komodo dragon
 12477 | Lair:1   | Reached skill level 5 in Air Magic
 12576 | Lair:1   | Killed a cane toad
 12601 | Lair:1   | Found a gate leading to a gauntlet.
 12613 | Gauntlet | Entered a Gauntlet
 12613 | Gauntlet | Found a transporter.
 12629 | Gauntlet | Noticed a hell beast
 12701 | Gauntlet | Found a transporter.
 12701 | Gauntlet | Noticed an efreet
 12705 | Gauntlet | Found a transporter.
 12706 | Gauntlet | Found a transporter.
 12710 | Gauntlet | Noticed a balrug
 12714 | Gauntlet | Found a transporter.
 12714 | Gauntlet | Found a transporter.
 12714 | Gauntlet | Noticed a fire crab
 12715 | Gauntlet | Found a transporter.
 12732 | Gauntlet | Noticed a hell hog
 12734 | Gauntlet | Found a transporter.
 12751 | Gauntlet | Found a transporter.
 12755 | Gauntlet | Found a transporter.
 12757 | Gauntlet | Noticed an ice devil
 12760 | Gauntlet | Noticed a blizzard demon
 12767 | Gauntlet | Found a transporter.
 12813 | Gauntlet | Found a transporter.
 12920 | Gauntlet | Identified the ring "Beel Jey" {Fire Fly Will- Dex+4
                  | Stlth+}
 13092 | Gauntlet | Identified the +10 falchion of Conscience {freeze, rN+}
 13092 | Gauntlet | Noticed a minotaur
 13103 | Gauntlet | Slain by a minotaur

Illustrated notes

Levels and vault maps discovered:
D:1:      lemuel_arrival_lava_pool, layout_loops_corners,
          shapermc_ecumenical_altar_flowoftime, nrook_campfire,
          patterned_corridor
D:2:      layout_basic, uniq_robin, uniq_crazy_yiuf_cottage
D:3:      layout_basic, lemuel_coloured_pillars_altar,
          mainiacjoe_overflow_six_doors_small, minmay_misc_feat_chi,
          uniq_sigmund
D:4:      minmay_chambers_of_fours, layout_loops_ring
D:5:      layout_cave_pools, nicolae_wooded_promenade,
          hellmonk_bongcloud_opening, uniq_grinder, uniq_duvessa
D:6:      layout_rooms, kennysheep_generic_room_4
D:7:      layout_basic, temple_hall
D:8:      layout_loops_corners, mainiacjoe_overflow_chevrons,
          nzn_wu_jian_council_hall, serial_glass, glass_columns_a,
          glass_columns_c, glass_columns_a, glass_columns_a, glass_columns_b,
          glass_columns_c, glass_columns_a, glass_columns_b, glass_columns_a,
          glass_columns_b, serial_shops, shop, shop,
          nicolae_shop_hallway_stairs, nicolae_shop_hallway_plus
D:9:      lemuel_bear_cage, layout_long_grid, zin_purify, lair_entry_dummy
D:10:     layout_roguey, nicolae_qazlal_eye_of_the_storm, zombieorc1_lemuel,
          uniq_grum, uniq_urug, uniq_josephine
Lair:1:   layout_long_grid, gauntlet_entry_generic,
          nicolae_lair_run_with_the_wolves
Gauntlet: minmay_gauntlet_mixed_oops_all_seconds
          [minmay_gauntlet_arena_77_double_cross, nicolae_gauntlet_arena_blocks,
          minmay_gauntlet_arena_77_p_blocks,
          gammafunk_gauntlet_arena_split_diamond,
          minmay_gauntlet_arena_77_radiant_squares, nicolae_gauntlet_arena_x,
          gauntlet_exit_hidden_loot]

Skill      XL: |  1  2  3  4  5  6  7  8  9 10 |
---------------+-------------------------------+-----
Fire Magic     | 3 4 5 6 |  6.0
Spellcasting   | 2 3 5 6 |  6.0
Dodging        | 1 2 3 5 6 7 |  7.7
Unarmed Combat | 4 5 6 |  6.0
Fighting       | 4 5 6 |  6.7
Necromancy     | 1 3 4 |  4.0
Earth Magic    | 1 3 4 |  4.0
Summonings     | 6 3 |  6.5
Air Magic      | 5 3 |  5.9

Action                   |  1- 3 |  4- 6 |  7- 9 | 10-12 || total
-------------------------+-------+-------+-------+-------++-------
Melee: Unarmed           |    41 |    30 |   142 |    46 ||   259
       Bite              |     1 |     3 |    11 |     3 ||    18
       Punch             |       |     1 |     8 |     5 ||    14
 Cast: Scorch            |    28 |    35 |   288 |    28 ||   379
       Summon Lightning  |       |       |    10 |     1 ||    11
Invok: Fiery Armour      |       |     1 |     1 |       ||     2
       Rising Flame      |       |     1 |       |       ||     1
Evoke: Wand              |       |     7 |    11 |     1 ||    19
  Use: Scroll            |     4 |     6 |    10 |     2 ||    22
       Potion            |     1 |     1 |     7 |       ||     9
 Stab: Sleeping          |     1 |       |       |       ||     1
Armor: Skin              |     6 |     7 |    16 |     1 ||    30
Dodge: Dodged            |    44 |    39 |   253 |    48 ||   384

Table legend: (Time is in decaauts)
 A = Elapsed time spent in this place.
 B = Non-inter-level travel time spent in this place.
 C = Inter-level travel time spent in this place.
 D = Time resting spent in this place.
 E = Time spent auto-exploring this place.
 F = Levels seen in this place.
 G = Mean time per level.
                   A        B        C        D        E       F      G
               +--------+--------+--------+--------+--------+-----+--------+
         Total |  11668 |  11033 |    635 |   2416 |   6214 |  12 |  972.3 |
       Dungeon |  11032 |  10397 |    635 |   2179 |   6128 |  10 | 1103.2 |
          Lair |    192 |    192 |      0 |    101 |      0 |   1 |  192.0 |
      Gauntlet |    443 |    443 |      0 |    136 |     85 |   1 |  443.0 |
               +--------+--------+--------+--------+--------+-----+--------+

Top non-repeatable levels by time:
     D:4: 1701 daAuts
     D:7: 1522 daAuts
     D:2: 1243 daAuts
     D:1: 1186 daAuts
     D:3: 1134 daAuts
     D:8: 1130 daAuts
     D:9: 1109 daAuts
     D:5: 956 daAuts
     D:6: 794 daAuts
Gauntlet: 443 daAuts
    D:10: 252 daAuts
  Lair:1: 192 daAuts
